 Dungeon Crawl Stone Soup version 0.31-a0-435-g2c6fae2916 (webtiles) character file.

Game seed: 13282805550710830318

558 Gelion the Changeling (level 7, 0/46 HPs)
             Began as an Octopode Shapeshifter on Aug 1, 2023.
             Slain by a gnoll bouda
             ... wielding a +0 whip
              (9 damage)
             ... on level 4 of the Dungeon.
             The game lasted 00:07:33 (3609 turns).

Gelion the Changeling (Octopode Shapeshifter)       Turns: 3609, Time: 00:07:33

Health: 0/46       AC:  1    Str: 14    XL:     7   Next: 31%
Magic:  7/7        EV: 13    Int: 11    God:
Gold:   190        SH:  0    Dex: 14    Spells: 6/6 levels left

rFire   . .          .
                       - Unarmed
rCold   . . .        (no shield)
rNeg    . . .        (helmet currently unavailable)
rPois   .            (no amulet)
rElec   .            (no ring)
rCorr   .            (no ring)
SInv    .            (no ring)
Will    .....        (no ring)
Stlth   ++           (no ring)
HPRegen 0.27/turn    (no ring)
MPRegen 0.10/turn    (no ring)
                     (no ring)

%: no passive effects
@: beast-form, weakened
A: beast (slay +3), almost no armour, amphibious, 8 rings, camouflage 1,
gelatinous body 1, (nimble swimmer 1), tentacles
a: Begin Untransformation


You were on level 4 of the Dungeon.
You were a hulking beast.
You visited 1 branch of the dungeon, and saw 6 of its levels.

You collected 190 gold pieces.

Inventory:

Armour
 l - a +2 kite shield
Jewellery
 n - a ring of flight
Talismans
 b - a beast talisman (active)
 h - a blade talisman
Scrolls
 e - a scroll of amnesia {unknown}
 j - a scroll of fear {unknown}
 m - a scroll of silence {unknown}
 o - a scroll of enchant armour {unknown}
Potions
 a - 2 potions of lignification
 c - a potion of curing
 d - a potion of berserk rage {unknown}
 f - a potion of brilliance {unknown}
 g - a potion of enlightenment {unknown}
 i - a potion of invisibility {unknown}
 k - a potion of attraction {unknown}
 p - 2 potions of degeneration {unknown}


   Skills:
 + Level 3.6 Fighting
 - Level 2.0 Dodging
 + Level 4.7 Unarmed Combat
 * Level 5.4 Shapeshifting


You had 6 spell levels left.
You didn't know any spells.
Your spell library contained the following spells:

 Spells                   Type           Power      Damage    Failure   Level
 Animate Dead             Necr           0%         N/A       98%         4
 Borgnjor's Vile Clutch   Necr/Erth      0%         N/A       100%        5
 Death Channel            Necr           0%         N/A       100%        6


Dungeon Overview and Level Annotations

Branches:
Dungeon (6/15)
 Temple: D:4-7

Altars:
Wu Jian

Shops:
D:2 ?   D:3 =


Innate Abilities, Weirdness & Mutations

You are a hulking beast.
Your limbs bulge with bestial killing power. (Slay +3)
You cannot wear most types of armour.
You are amphibious.
You can wear up to eight rings at the same time.
Your skin changes colour to match your surroundings (Stealth+).
Your rubbery body absorbs attacks. (AC +1, EV +1)
((You are camouflaged when in or above water. (Stealth+)))
You have tentacles for arms and can constrict up to eight enemies at once.


Message History

You closely miss the gnoll. You grab the gnoll.
Your attacks no longer feel as feeble.
You constrict the gnoll. The gnoll completely misses you.
You tentacle-slap the gnoll.
The gnoll is moderately wounded.
You constrict the gnoll. The gnoll hits you with a +0 club.
* * * LOW HITPOINT WARNING * * *
You feel better.
You constrict the gnoll. The gnoll misses you.
You barely miss the gnoll.
The gnoll is heavily wounded.
You constrict the gnoll. The gnoll closely misses you.
The gnoll bouda gazes fiercely through you!
You feel your attacks grow feeble.
You tentacle-slap the gnoll.
You kill the gnoll!
You tentacle-slap the gnoll. You grab the gnoll.
You squeeze the gnoll, but do no damage.
The gnoll is moderately wounded.
You constrict the gnoll.
The gnoll bouda gazes fiercely through you!
You feel as though you will be weak longer.
The gnoll hits you with a +0 flail.
* * * LOW HITPOINT WARNING * * *
You tentacle-slap the gnoll.
You kill the gnoll!
You barely miss the ball python. Your grab misses the ball python.
The ball python bites you.
* * * LOW HITPOINT WARNING * * *
The ball python closely misses you. The ball python barely misses you.
The ball python grabs you. The ball python constricts you.
* * * LOW HITPOINT WARNING * * *
You bludgeon the ball python!
You kill the ball python!
You closely miss the gnoll bouda. Your grab misses the gnoll bouda.
You squeeze the gnoll bouda.
The gnoll bouda is moderately wounded.
You tentacle-slap the gnoll bouda. Your grab misses the gnoll bouda.
The gnoll bouda is moderately wounded.
The gnoll bouda hits you with a +0 whip!
You die...

#....###
###....###
###....# #.....
##.... ###
#####
...###########
...........g###
#..)....##gh#
##.......#####
####...)....#
##.........)##
.......g.....#
....>..####..#
.......# ##.##
.#....## #..##
...†...# ##..#
###


You could see a gnoll bouda and a hobgoblin.

Vanquished Creatures
  Sigmund (D:3)
  2 ogres
  An orc wizard (D:5)
  3 gnolls (D:4)
  5 adders
  An ufetubus (D:4)
  3 worms (D:2)
  2 dart slugs (D:2)
  11 orcs
  10 endoplasms
  3 giant cockroaches
  6 hobgoblins
  7 jackals
  6 quokkas
  7 ball pythons
  9 bats
  3 frilled lizards
  9 goblins
  7 kobolds
  4 rats
100 creatures vanquished.

Notes
Turn   | Place    | Note
-------+----------+-------------------------------------------
     0 | D:1      | Gelion the Octopode Shapeshifter began the quest for the
                  | Orb.
     0 | D:1      | Reached XP level 1. HP: 13/13 MP: 1/1
    86 | D:1      | Reached XP level 2. HP: 8/18 MP: 2/2
   461 | D:1      | Reached XP level 3. HP: 21/23 MP: 3/3
  1070 | D:2      | Found Ixaiploh's Magic Scroll Shoppe.
  1075 | D:2      | Reached XP level 4. HP: 21/29 MP: 4/4
  1176 | D:2      | Found a faded altar of an unknown god.
  1783 | D:3      | Noticed Sigmund
  1793 | D:3      | Killed Sigmund
  1794 | D:3      | Reached skill level 4 in Shapeshifting
  1794 | D:3      | Reached XP level 5. HP: 21/36 MP: 5/5
  1794 | D:3      | Reached XP level 6. HP: 24/41 MP: 6/6
  2074 | D:3      | Found an ornate altar of the Wu Jian Council.
  2215 | D:3      | Found Hasiotor's Jewellery Boutique.
  2892 | D:4      | You fall into a shaft and drop 2 floors!
  2962 | D:5      | Entered Level 5 of the Dungeon
  3078 | D:5      | Reached skill level 5 in Shapeshifting
  3366 | D:5      | Reached XP level 7. HP: 46/46 MP: 7/7
  3609 | D:4      | Slain by a gnoll bouda

Illustrated notes

Levels and vault maps discovered:
D:1:      lightli_iron_boxes, layout_basic
D:2:      layout_loops_ring, shapermc_ecumenical_altar_pompeii, serial_shops,
          shop_statue
D:3:      layout_basic, nzn_wu_jian_contemplation, serial_shops,
          nicolae_shop_behind_doors, uniq_sigmund
D:4:      layout_layer_cave, kennysheep_path_1, grunt_ministairs_9,
          minmay_a_box_with_orc_wizards_in_it
D:5:      lemuel_ice_spiral_2, layout_basic, serial_shops,
          nicolae_shop_mannequins, grunt_decor_arrowhead, uniq_duvessa,
          uniq_prince_ribbit1
D:6:      layout_layer_cave, mainiacjoe_overflow_tiny_flanked,
          serial_bayou_lagoon_a, nicolae_specific_store, centaur_isle

Skill      XL: |  1  2  3  4  5  6 |
---------------+-------------------+-----
Fighting       | 2 3 |  3.6
Unarmed Combat | 4 |  4.7
Shapeshifting  | 4 5 |  5.4
Dodging        | |  2.0

Action                     |  1- 3 |  4- 6 |  7- 9 || total
---------------------------+-------+-------+-------++-------
  Melee: Unarmed           |    67 |    94 |    29 ||   190
         Constrict         |    21 |    18 |     4 ||    43
         Tentacles         |    10 |    14 |    10 ||    34
         Punch             |     2 |     2 |       ||     4
    Use: Scroll            |       |     5 |       ||     5
         Potion            |       |     1 |     1 ||     2
   Stab: Sleeping          |     7 |    10 |       ||    17
         Distracted        |       |     2 |       ||     2
 Armour: Skin              |     5 |    20 |     1 ||    26
  Dodge: Dodged            |    34 |    36 |    23 ||    93

Table legend: (Time is in decaauts)
 A = Elapsed time spent in this place.
 B = Non-inter-level travel time spent in this place.
 C = Inter-level travel time spent in this place.
 D = Time resting spent in this place.
 E = Time spent auto-exploring this place.
 F = Levels seen in this place.
 G = Mean time per level.
                   A        B        C        D        E       F      G
               +--------+--------+--------+--------+--------+-----+--------+
         Total |   3593 |   3379 |    214 |    100 |   2609 |   6 |  598.8 |
       Dungeon |   3593 |   3379 |    214 |    100 |   2609 |   6 |  598.8 |
               +--------+--------+--------+--------+--------+-----+--------+

Top non-repeatable levels by time:
     D:3: 1113 daAuts
     D:2: 882 daAuts
     D:1: 679 daAuts
     D:5: 497 daAuts
     D:4: 349 daAuts
     D:6: 69 daAuts
